TOP OF THE 1ST |
Washington Generals batting - Pitching for Mancelona Torch : LHP John Penton
|
Pitching: LHP John Penton
|
|
Batting: RHB Eun-bum Song
|
0-0: Ball 1-0: SINGLE (Groundball, 34D)
|
Batting: RHB Charles Atkinson
|
0-0: Called Strike 0-1: Foul Ball, location: 2F 0-2: Ball 1-2: Foul Ball, location: 2F 1-2: Strikes out swinging
|
Batting: RHB Fernando Acevedo
|
0-0: Ball Eun-bum Song is caught stealing 2nd base 1-0: Ball 2-0: Called Strike 2-1: Ball 3-1: Ground out 6-3 (Groundball, 6)
|
Top of the 1st over - 0 runs, 1 hit, 0 errors, 0 left on base; Washington 0 - Mancelona 0 |
BOTTOM OF THE 1ST |
Mancelona Torch batting - Pitching for Washington Generals : RHP Bryan White
|
Pitching: RHP Bryan White
|
|
Batting: LHB Charles Godard
|
0-0: Fly out, F4 (Line Drive, 4MD)
|
Batting: LHB Ed Holte
|
0-0: Swinging Strike 0-1: Ball 1-1: Foul Ball, location: 2F 1-2: Foul Ball, location: 2F 1-2: Ball 2-2: Ground out 1-3 (Groundball, P)
|
Batting: LHB Basava Puri
|
0-0: Called Strike 0-1: Ball 1-1: Ball 2-1: Ball 3-1: Foul Ball, location: 2F 3-2: Base on Balls
|
Batting: LHB Duncan Witteman
|
0-0: Ball Basava Puri steals 2nd base 1-0: Ball 2-0: Swinging Strike 2-1: Ball 3-1: Called Strike 3-2: Strikes out swinging
|
Bottom of the 1st over - 0 runs, 0 hits, 0 errors, 1 left on base; Washington 0 - Mancelona 0 |
TOP OF THE 2ND |
Washington Generals batting - Pitching for Mancelona Torch : LHP John Penton
|
Batting: RHB Ashton Bailey
|
0-0: Ground out 6-3 (Groundball, 6)
|
Batting: RHB Robin Padilla
|
0-0: Fly out, F7 (Flyball, 7LS)
|
Batting: RHB Wen-hua Zhào
|
0-0: Ball 1-0: Called Strike 1-1: Ball 2-1: Fly out, F8 (Line Drive, 78D)
|
Top of the 2nd over - 0 runs, 0 hits, 0 errors, 0 left on base; Washington 0 - Mancelona 0 |
BOTTOM OF THE 2ND |
Mancelona Torch batting - Pitching for Washington Generals : RHP Bryan White
|
Batting: RHB Marty Aspen
|
0-0: Ball 1-0: Swinging Strike 1-1: Fly out, F7 (Line Drive, 78M)
|
Batting: RHB Magtanggol Florencio
|
0-0: Ball 1-0: Ball 2-0: Called Strike 2-1: Ground out 6-3 (Groundball, 6)
|
Batting: SHB Carlos Morales
|
0-0: Ball 1-0: SINGLE (Line Drive, 7LS)
|
Batting: RHB Hjalmar Bisseling
|
0-0: Fly out, F4 (Popup, 4MD)
|
Bottom of the 2nd over - 0 runs, 1 hit, 0 errors, 1 left on base; Washington 0 - Mancelona 0 |
TOP OF THE 3RD |
Washington Generals batting - Pitching for Mancelona Torch : LHP John Penton
|
Batting: RHB Abel Murphy
|
0-0: Ball 1-0: Fly out, F6 (Line Drive, 6MD)
|
Batting: RHB Raúl Ocasio
|
0-0: Ball 1-0: SINGLE (Groundball, 56S) (infield hit)
|
Batting: LHB Mike O'Neil
|
0-0: Ball 1-0: Swinging Strike 1-1: Ball 2-1: Foul Ball, location: 2F 2-2: Foul Ball, location: 2F 2-2: Foul Ball, location: 2F 2-2: Foul Ball, location: 2F 2-2: Foul Ball, location: 2F 2-2: Ball 3-2: Strikes out looking
|
Batting: RHB Eun-bum Song
|
0-0: DOUBLE (Line Drive, 7LM) Raúl Ocasio to third Runner from 3rd tries for Home, SAFE, no throw
|
Batting: RHB Charles Atkinson
|
0-0: Ball 1-0: Called Strike 1-1: Called Strike 1-2: Ground out 4-3 (Groundball, 4)
|
Top of the 3rd over - 1 run, 2 hits, 0 errors, 1 left on base; Washington 1 - Mancelona 0 |
BOTTOM OF THE 3RD |
Mancelona Torch batting - Pitching for Washington Generals : RHP Bryan White
|
Batting: RHB Myles O'Cronin
|
0-0: Ball 1-0: Foul Ball, location: 2F 1-1: Ball 2-1: Ball 3-1: Ground out 6-3 (Groundball, 6D)
|
Batting: LHB Charles Godard
|
0-0: Foul Ball, location: 2F 0-1: Ball 1-1: Ground out 5-3 (Groundball, 5L)
|
Batting: LHB Ed Holte
|
0-0: Ground out 6-3 (Groundball, 56)
|
Bottom of the 3rd over - 0 runs, 0 hits, 0 errors, 0 left on base; Washington 1 - Mancelona 0 |
TOP OF THE 4TH |
Washington Generals batting - Pitching for Mancelona Torch : LHP John Penton
|
Batting: RHB Fernando Acevedo
|
0-0: Fly out, F7 (Flyball, 7LM)
|
Batting: RHB Ashton Bailey
|
0-0: Swinging Strike 0-1: Foul Ball, location: 2F 0-2: Ball 1-2: Ball 2-2: SINGLE (Line Drive, 7LM)
|
Batting: RHB Robin Padilla
|
0-0: Ball 1-0: Swinging Strike 1-1: Foul Ball, location: 2F 1-2: Ball 2-2: Foul Ball, location: 2F 2-2: Foul Ball, location: 2F 2-2: Foul Ball, location: 2F 2-2: Foul Ball, location: 2F 2-2: Ball 3-2: Foul Ball, location: 2F 3-2: SINGLE (Line Drive, 8LS) Ashton Bailey to second
|
Batting: RHB Wen-hua Zhào
|
0-0: Swinging Strike 0-1: Foul Ball, location: 2F 0-2: Ball 1-2: Ball 2-2: Ball 3-2: Fly out, F8 (Flyball, 78D)
|
Batting: RHB Abel Murphy
|
0-0: Ball 1-0: Called Strike 1-1: Ground out 4-3 (Groundball, 34)
|
Top of the 4th over - 0 runs, 2 hits, 0 errors, 2 left on base; Washington 1 - Mancelona 0 |
BOTTOM OF THE 4TH |
Mancelona Torch batting - Pitching for Washington Generals : RHP Bryan White
|
Batting: LHB Basava Puri
|
0-0: Ball 1-0: Called Strike 1-1: Called Strike 1-2: Ball 2-2: Ground out 6-3 (Groundball, 6MD)
|
Batting: LHB Duncan Witteman
|
0-0: Ball 1-0: Reached on error, E6 (Groundball, 6)
|
Batting: RHB Marty Aspen
|
0-0: Called Strike 0-1: Fly out, F8 (Flyball, 8LS)
|
Batting: RHB Magtanggol Florencio
|
0-0: Ball 1-0: Foul Ball, location: 2F 1-1: Ball 2-1: Swinging Strike 2-2: Fly out, F3 (Popup, 13S)
|
Bottom of the 4th over - 0 runs, 0 hits, 1 error, 1 left on base; Washington 1 - Mancelona 0 |
TOP OF THE 5TH |
Washington Generals batting - Pitching for Mancelona Torch : LHP John Penton
|
Batting: RHB Raúl Ocasio
|
0-0: Fly out, F7 (Line Drive, 78M)
|
Batting: LHB Mike O'Neil
|
0-0: Swinging Strike 0-1: Foul Ball, location: 2F 0-2: Foul Ball, location: 2F 0-2: Ball 1-2: SINGLE (Groundball, 4MD)
|
Batting: RHB Eun-bum Song
|
0-0: Swinging Strike 0-1: Foul Ball, location: 2F 0-2: Ball 1-2: Strikes out swinging
|
Batting: RHB Charles Atkinson
|
0-0: Ball 1-0: Ball 2-0: Fielders Choice at 2nd, 6-4 (Groundball, 6)
|
Top of the 5th over - 0 runs, 1 hit, 0 errors, 1 left on base; Washington 1 - Mancelona 0 |
BOTTOM OF THE 5TH |
Mancelona Torch batting - Pitching for Washington Generals : RHP Bryan White
|
Batting: SHB Carlos Morales
|
0-0: Called Strike 0-1: Fly out, F8 (Flyball, 78D)
|
Batting: RHB Hjalmar Bisseling
|
0-0: Ball 1-0: Ball 2-0: Called Strike 2-1: Swinging Strike 2-2: Strikes out swinging
|
Batting: RHB Myles O'Cronin
|
0-0: Ball 1-0: Foul Ball, location: 2F 1-1: Ball 2-1: Ball 3-1: Fly out, F3 (Popup, 3)
|
Bottom of the 5th over - 0 runs, 0 hits, 0 errors, 0 left on base; Washington 1 - Mancelona 0 |
TOP OF THE 6TH |
Washington Generals batting - Pitching for Mancelona Torch : LHP John Penton
|
Batting: RHB Fernando Acevedo
|
0-0: Ball 1-0: Foul Ball, location: 2F 1-1: Ground out 1-3 (Groundball, 15S)
|
Batting: RHB Ashton Bailey
|
0-0: Called Strike 0-1: Ball 1-1: SINGLE (Groundball, 56) (infield hit)
|
Batting: RHB Robin Padilla
|
0-0: Ball 1-0: Called Strike 1-1: Ball 2-1: Foul Ball, location: 2F 2-2: Strikes out swinging
|
Batting: RHB Wen-hua Zhào
|
0-0: SINGLE (Groundball, 56D) Ashton Bailey to second
|
Batting: RHB Abel Murphy
|
0-0: Swinging Strike 0-1: Foul Ball, location: 2F 0-2: Foul Ball, location: 2F 0-2: Ball 1-2: Strikes out swinging
|
Top of the 6th over - 0 runs, 2 hits, 0 errors, 2 left on base; Washington 1 - Mancelona 0 |
BOTTOM OF THE 6TH |
Mancelona Torch batting - Pitching for Washington Generals : RHP Bryan White
|
Batting: LHB Charles Godard
|
0-0: Foul Ball, location: 2F 0-1: Ball 1-1: Swinging Strike 1-2: Fly out, F8 (Flyball, 8RD)
|
Batting: LHB Ed Holte
|
0-0: Swinging Strike 0-1: Ball 1-1: Called Strike 1-2: Fly out, F8 (Flyball, 8RD)
|
Batting: LHB Basava Puri
|
0-0: Ground out 5-3 (Groundball, 5)
|
Bottom of the 6th over - 0 runs, 0 hits, 0 errors, 0 left on base; Washington 1 - Mancelona 0 |
TOP OF THE 7TH |
Washington Generals batting - Pitching for Mancelona Torch : LHP John Penton
|
Pitching: LHP José Costa
|
|
Batting: RHB Raúl Ocasio
|
0-0: Ball 1-0: DOUBLE (Flyball, 78XD)
|
Batting: LHB Mike O'Neil
|
0-0: Ball 1-0: Called Strike 1-1: Ground out 4-3 (Groundball, 4) Raúl Ocasio to third
|
Batting: RHB Eun-bum Song
|
0-0: Fly out, F9 (Flyball, 9) Runner from 3rd tags up, SCORES, no throw
|
Batting: RHB Charles Atkinson
|
0-0: Foul Ball, location: 2F 0-1: Ball 1-1: Ground out 6-3 (Groundball, 6)
|
Top of the 7th over - 1 run, 1 hit, 0 errors, 0 left on base; Washington 2 - Mancelona 0 |
BOTTOM OF THE 7TH |
Mancelona Torch batting - Pitching for Washington Generals : RHP Bryan White
|
Batting: LHB Duncan Witteman
|
0-0: Called Strike 0-1: Swinging Strike 0-2: Foul Ball, location: 2F 0-2: Ball 1-2: Ball 2-2: Foul Ball, location: 2F 2-2: Foul Ball, location: 2F 2-2: Ball 3-2: Base on Balls
|
Batting: RHB Marty Aspen
|
0-0: Called Strike Duncan Witteman steals 2nd base 0-1: Foul Ball, location: 2F 0-2: Ball 1-2: Foul Ball, location: 2F 1-2: Ball 2-2: Ball 3-2: SINGLE (Groundball, 6MD) Duncan Witteman to third
|
Batting: RHB Magtanggol Florencio
|
0-0: Ball 1-0: Ball 2-0: Foul Ball, location: 2F 2-1: Called Strike 2-2: Ball 3-2: Strikes out swinging
|
Batting: SHB Carlos Morales
|
0-0: Ball Marty Aspen steals 2nd base 1-0: Foul Ball, location: 2F 1-1: Ball 2-1: Foul Ball, location: 2F 2-2: Hit by Pitch
|
Pinch Hitting: LHB Jesús Encarnación
|
0-0: Called Strike 0-1: Ball 1-1: Ball 2-1: Foul Ball, location: 2F 2-2: Fly out, F8 (Flyball, 78M) Runner from 3rd tags up, SCORES, no throw
|
Batting: RHB Myles O'Cronin
|
0-0: SINGLE (Groundball, 6MD) Marty Aspen to third Carlos Morales to second Runner from 3rd tries for Home, SAFE, throw made home
|
Now in CF: Dale Clark
|
|
Batting: LHB Charles Godard
|
0-0: Ball 1-0: Foul Ball, location: 2F 1-1: Ball 2-1: Ball 3-1: Called Strike 3-2: Strikes out looking
|
Bottom of the 7th over - 2 runs, 2 hits, 0 errors, 2 left on base; Washington 2 - Mancelona 2 |
TOP OF THE 8TH |
Washington Generals batting - Pitching for Mancelona Torch : LHP José Costa
|
Now at 1B: Bryan Uchacz
|
|
Batting: RHB Fernando Acevedo
|
0-0: Called Strike 0-1: Foul Ball, location: 2F 0-2: Ball 1-2: Ball 2-2: Strikes out swinging
|
Batting: RHB Ashton Bailey
|
0-0: Ball 1-0: Called Strike 1-1: Ball 2-1: Ball 3-1: Called Strike 3-2: Base on Balls
|
Batting: RHB Robin Padilla
|
0-0: Called Strike 0-1: Ball 1-1: Ball 2-1: Ball 3-1: Base on Balls Ashton Bailey to second
|
Batting: RHB Wen-hua Zhào
|
0-0: Called Strike 0-1: SINGLE (Groundball, 5S) (infield hit) Ashton Bailey to third Robin Padilla to second
|
Batting: RHB Abel Murphy
|
0-0: Foul Ball, location: 2F 0-1: Ball 1-1: Called Strike 1-2: Foul Ball, location: 2F 1-2: Ball 2-2: SINGLE (Groundball, 6MD) Ashton Bailey scores Robin Padilla to third Wen-hua Zhào to second
|
Pitching: LHP Raúl Hinojosa
|
|
Batting: RHB Raúl Ocasio
|
0-0: Called Strike 0-1: Ball 1-1: Fly out, F7 (Line Drive, 7)
|
Batting: LHB Mike O'Neil
|
0-0: Called Strike 0-1: Foul Ball, location: 2F 0-2: Foul Ball, location: 2F 0-2: Ball 1-2: Foul Ball, location: 2F 1-2: Ball 2-2: Strikes out swinging
|
Top of the 8th over - 1 run, 2 hits, 0 errors, 3 left on base; Washington 3 - Mancelona 2 |
BOTTOM OF THE 8TH |
Mancelona Torch batting - Pitching for Washington Generals : RHP Bryan White
|
Pitching: LHP Ryan Carr
|
|
Batting: LHB Ed Holte
|
0-0: Called Strike 0-1: Swinging Strike 0-2: Ball 1-2: Foul Ball, location: 2F 1-2: Strikes out swinging
|
Batting: LHB Basava Puri
|
0-0: Called Strike 0-1: Ball 1-1: Fly out, F9 (Flyball, 9LMF)
|
Batting: LHB Duncan Witteman
|
0-0: Ball 1-0: Foul Ball, location: 2F 1-1: Ball 2-1: Ball 3-1: Fly out, F9 (Line Drive, 9)
|
Bottom of the 8th over - 0 runs, 0 hits, 0 errors, 0 left on base; Washington 3 - Mancelona 2 |
TOP OF THE 9TH |
Washington Generals batting - Pitching for Mancelona Torch : LHP Raúl Hinojosa
|
Pitching: LHP Melvin Conner
|
|
Batting: RHB Eun-bum Song
|
0-0: Called Strike 0-1: Swinging Strike 0-2: Ball 1-2: Ball 2-2: Strikes out looking
|
Batting: RHB Dale Clark
|
0-0: Called Strike 0-1: Ball 1-1: Foul Ball, location: 2F 1-2: Ball 2-2: Ground out 5-3 (Groundball, 56)
|
Batting: RHB Fernando Acevedo
|
0-0: Foul Ball, location: 2F 0-1: Ball 1-1: Ground out 5-3 (Groundball, 56S)
|
Top of the 9th over - 0 runs, 0 hits, 0 errors, 0 left on base; Washington 3 - Mancelona 2 |
BOTTOM OF THE 9TH |
Mancelona Torch batting - Pitching for Washington Generals : LHP Ryan Carr
|
Pitching: RHP Milton Mathews
|
|
Batting: RHB Marty Aspen
|
0-0: Called Strike 0-1: Ball 1-1: Ball 2-1: Ground out 6-3 (Groundball, 6)
|
Batting: RHB Magtanggol Florencio
|
0-0: Ball 1-0: Ball 2-0: Reached on error, E9 (Flyball, 89D)
|
Batting: SHB Carlos Morales
|
0-0: Called Strike 0-1: DOUBLE (Flyball, 89D) Magtanggol Florencio scores
|
Batting: RHB Bryan Uchacz
|
0-0: Intentional Walk
|
Pinch Hitting: RHB Wen Chua
|
0-0: Ball 1-0: Ball 2-0: Foul Ball, location: 2F 2-1: Swinging Strike 2-2: Strikes out swinging
|
Batting: LHB Charles Godard
|
0-0: Ball 1-0: Called Strike 1-1: Ball 2-1: Ball 3-1: Swinging Strike 3-2: Strikes out swinging
|
Bottom of the 9th over - 1 run, 1 hit, 1 error, 2 left on base; Washington 3 - Mancelona 3 |
TOP OF THE 10TH |
Washington Generals batting - Pitching for Mancelona Torch : LHP Melvin Conner
|
Now at C: Wen Chua
|
|
Batting: RHB Ashton Bailey
|
0-0: Ball 1-0: Called Strike 1-1: Ball 2-1: Foul Ball, location: 2F 2-2: Foul Ball, location: 2F 2-2: Foul Ball, location: 2F 2-2: Ball 3-2: Foul Ball, location: 2F 3-2: Base on Balls
|
Batting: RHB Robin Padilla
|
0-0: Ball 1-0: Ball 2-0: Called Strike 2-1: Swinging Strike 2-2: Ball 3-2: Strikes out swinging
|
Batting: RHB Wen-hua Zhào
|
0-0: Called Strike 0-1: Fly out, F8 (Flyball, 8RXD)
|
Batting: RHB Abel Murphy
|
0-0: Swinging Strike 0-1: Foul Ball, location: 2F 0-2: Ball 1-2: Foul Ball, location: 2F 1-2: Foul Ball, location: 2F 1-2: Ball 2-2: Ball 3-2: Ground out 6-3 (Groundball, 6)
|
Top of the 10th over - 0 runs, 0 hits, 0 errors, 1 left on base; Washington 3 - Mancelona 3 |
BOTTOM OF THE 10TH |
Mancelona Torch batting - Pitching for Washington Generals : RHP Milton Mathews
|
Batting: LHB Ed Holte
|
0-0: Ball 1-0: Fly out, F9 (Flyball, 9LM)
|
Batting: LHB Basava Puri
|
0-0: Ball 1-0: Called Strike 1-1: Called Strike 1-2: Ball 2-2: Foul Ball, location: 2F 2-2: Strikes out looking
|
Batting: LHB Duncan Witteman
|
0-0: Ball 1-0: Called Strike 1-1: Swinging Strike 1-2: Strikes out swinging
|
Bottom of the 10th over - 0 runs, 0 hits, 0 errors, 0 left on base; Washington 3 - Mancelona 3 |
TOP OF THE 11TH |
Washington Generals batting - Pitching for Mancelona Torch : LHP Melvin Conner
|
Pitching: RHP John Fain
|
|
Batting: RHB Raúl Ocasio
|
0-0: Ball 1-0: Ball 2-0: SINGLE (Groundball, 6MD)
|
Batting: LHB Mike O'Neil
|
0-0: Swinging Strike 0-1: Called Strike 0-2: Ball Throwing error on steal attempt, E2 Raúl Ocasio to third 1-2: Foul Ball, location: 2F 1-2: Strikes out looking
|
Batting: RHB Eun-bum Song
|
0-0: Ball 1-0: Ball 2-0: Foul Ball, location: 2F 2-1: Swinging Strike 2-2: SINGLE (Line Drive, 89S) Raúl Ocasio scores
|
Batting: RHB Dale Clark
|
0-0: Ball Eun-bum Song is caught stealing 2nd base 1-0: Foul Ball, location: 2F 1-1: Ball 2-1: SINGLE (Line Drive, 4D)
|
Batting: RHB Fernando Acevedo
|
0-0: Ball Dale Clark steals 2nd base 1-0: Foul Ball, location: 2F 1-1: Foul Ball, location: 2F 1-2: Ball 2-2: Ground out 5-3 (Groundball, 56S)
|
Top of the 11th over - 1 run, 3 hits, 1 error, 1 left on base; Washington 4 - Mancelona 3 |
BOTTOM OF THE 11TH |
Mancelona Torch batting - Pitching for Washington Generals : RHP Milton Mathews
|
Pitching: LHP Jeremy Sears
|
|
Batting: RHB Marty Aspen
|
0-0: Foul Ball, location: 2F 0-1: Called Strike 0-2: Strikes out swinging
|
Batting: RHB Magtanggol Florencio
|
0-0: Ball 1-0: Swinging Strike 1-1: Called Strike 1-2: Ball 2-2: Fly out, F5 (Line Drive, 5)
|
Batting: SHB Carlos Morales
|
0-0: Ball 1-0: Ball 2-0: Ground out 4-3 (Groundball, 4)
|
Bottom of the 11th over - 0 runs, 0 hits, 0 errors, 0 left on base; Washington 4 - Mancelona 3 |
|